 Dungeon Crawl Stone Soup version 0.28-a0-233-gb8ca4b6547 (webtiles) character file.

Game seed: 5956280964756762178

525 porpoise the Skirmisher (level 7, -1/117 HPs)
             Began as an Ogre Arcane Marksman on Aug 23, 2021.
             Was an Initiate of Hepliaklqana.
             Slain by a vampire mosquito (8 damage)
             ... on level 5 of the Dungeon.
             The game lasted 00:23:10 (4741 turns).

porpoise the Skirmisher (Ogre Arcane Marksman)      Turns: 4741, Time: 00:23:11

Health: -1/117     AC: 23    Str: 12 (15) XL:     7   Next: 22%
Magic:  8/8        EV:  1    Int: 15 (16) God:    Hepliaklqana [......]
Gold:   650        SH:  0    Dex:  7 (9)  Spells: 2/8 levels left

rFire   . . .      SeeInvis .   b - +2 war axe (elec)
rCold   + . .      Faith    .   (no shield)
rNeg    + + +      Spirit   .   (armour currently unavailable)
rPois   +          Reflect  .   (helmet currently unavailable)
rElec   .          Harm     .   (cloak currently unavailable)
rCorr   .          Rampage  .   (gloves unavailable)
Will    .....      NoTele   +   (boots unavailable)
Stlth   +.........              (no amulet)
HPRegen 0.29/turn               q - ring of protection from cold
MPRegen 0.11/turn               (no ring)

@: tree-form
A: stationary, stasis, torment immunity, boosted hp, large, unfitting armour,
(tough skin 1)
a: Renounce Religion


You were on level 5 of the Dungeon.
You worshipped Hepliaklqana.
Hepliaklqana was noncommittal.
You were a tree.
You visited 1 branch of the dungeon, and saw 5 of its levels.

You collected 650 gold pieces.

Inventory:

Hand Weapons
 a - the +7 Spriggan's Knife {stab, EV+4 Stlth+}
   (You acquired it on level 4 of the Dungeon)

   It is more effective when stabbing unaware enemies, treating them as though
   they were completely helpless.
   EV:        It affects your evasion (+4).
   Stlth:     It makes you more stealthy.
 b - a +2 war axe of electrocution (weapon)
 n - a +0 giant spiked club
Missiles
 h - 112 stones (quivered)
 s - 9 boomerangs
Armour
 g - a +0 robe (melded)
 m - a +2 cloak (melded)
Jewellery
 l - an amulet of guardian spirit
 q - a ring of protection from cold (left branch)
 v - an amulet of magic regeneration
 y - an amulet of faith
Scrolls
 i - 2 scrolls of noise
 j - 2 scrolls of enchant weapon
 o - a scroll of summoning {unknown}
 r - a scroll of teleportation {unknown}
 x - a scroll of amnesia {unknown}
 A - a scroll of vulnerability {unknown}
Potions
 e - a potion of flight
 f - a potion of invisibility
 p - a potion of resistance
 u - a potion of cancellation
 z - a potion of ambrosia {unknown}


   Skills:
 - Level 7.0 Fighting
 + Level 2.3 Short Blades
 - Level 1.8 Maces & Flails
 - Level 2.0 Throwing
 + Level 3.6 Dodging
 - Level 1.2 Spellcasting
 - Level 2.6 Hexes


You had 2 spell levels left.
You knew the following spells:

 Your Spells              Type           Power      Damage    Failure   Level
c - Corona                Hex            8%         N/A       9%          1
l - Slow                  Hex            8%         N/A       12%         2
p - Portal Projectile     Hex/Tloc       8%         N/A       38%         3

Your spell library contained the following spells:

 Spells                   Type           Power      Damage    Failure   Level
 Confusing Touch          Hex            8%         N/A       24%         3
 Inner Flame              Hex/Fire       4%         N/A       38%         3
 Frozen Ramparts          Ice            0%         1d2       58%         3
 Cause Fear               Hex            4%         N/A       63%         4
 Ice Form                 Ice/Tmut       0%         N/A       94%         4
 Summon Ice Beast         Ice/Summ       0%         N/A       94%         4
 Yara's Violent Unravell  Hex/Tmut       2%         3d3       98%         5


Dungeon Overview and Level Annotations

Branches:
Dungeon (5/15)
 Temple: D:4-7

Altars:
Hepliaklqana
Trog

Shops:
D:1 =   D:4 *


Innate Abilities, Weirdness & Mutations

You are a tree.
Your roots penetrate the ground, keeping you stationary.
You cannot be teleported.
You are immune to unholy pain and torment.
Your maximum health is greatly increased.
Your equipment is partially melded.
You are too large for most types of armour.
((You have tough skin. (AC +1)))


Message History

Throw: large rock
Press: ? - help, Q - select action, (/) - cycle Shift-Dir - straight line, f/p - vampire mosquito
Aim: a vampire mosquito (moderately damaged, 40% to hit)
You throw a large rock.
The large rock misses the vampire mosquito.
The large rock closely misses the vampire mosquito. x2
The vampire mosquito bites you but does no damage. x3
Throw: throwing net
Press: ? - help, Q - select action, (/) - cycle Shift-Dir - straight line, f/p - vampire mosquito
Aim: a vampire mosquito (moderately damaged, 40% to hit)
You throw a throwing net.
The throwing net hits the vampire mosquito.
The vampire mosquito is caught in the net!
The vampire mosquito is moderately damaged.
The vampire mosquito struggles against the net. x2
The net rips apart, and the vampire mosquito comes free!
Throw: 113 stones
Press: ? - help, Q - select action, (/) - cycle Shift-Dir - straight line, f/p - vampire mosquito
Aim: a vampire mosquito (moderately damaged, 40% to hit)
You throw a stone.
The stone barely misses the vampire mosquito.
The stone closely misses the vampire mosquito.
The stone completely misses the vampire mosquito.
The vampire mosquito bites you but does no damage.
The vampire mosquito bites you!
* * * LOW HITPOINT WARNING * * *
Okay, then.
As you read the scroll labelled FECVYI UNATUXT, it crumbles to dust.
It is a scroll of enchant armour.
Really abort (and waste the scroll)?
Okay, then.
The vampire mosquito barely misses you.
The vampire mosquito bites you but does no damage.
Okay, then.
Okay, then.
It was a potion of degeneration.
There was something very wrong with that liquid.
You feel weakened.
You feel dopey.
You feel clumsy. The vampire mosquito bites you!
You die...

#[...(.≈ #. #..
... ###..# #.# ...
..... #.# >(≈ .
...# #.# #y# ..
#.####.# #y#
..#####...##.# #y#
...........#.###♣#
#......##........#
#......).....#####
.....)<##.####
#.....###.#
#...... ..#
#.######### #


You could see 3 vampire mosquitoes.

Vanquished Creatures
  A vampire mosquito (D:5)
  An ogre (D:4)
  A jelly (D:3)
  Jessica (D:2)
  Natasha (thrice) (D:3)
  An orc wizard (D:3)
  A hound skeleton (D:3)
  6 adders
  An adder skeleton (D:4)
  A worm (D:2)
  2 dart slugs
  9 orcs
  7 endoplasms
  2 giant cockroaches
  11 goblins
  8 hobgoblins
  A quokka (D:1)
  4 ball pythons
  6 bats
  3 frilled lizards
  7 kobolds
  7 rats
84 creatures vanquished.

Vanquished Creatures (others)
  3 plants (D:4)
3 creatures vanquished.

Grand Total: 87 creatures vanquished

Notes
Turn   | Place    | Note
-------+----------+-------------------------------------------
     0 | D:1      | porpoise the Ogre Arcane Marksman began the quest for the
                  | Orb.
     0 | D:1      | Reached XP level 1. HP: 19/19 MP: 2/2
    62 | D:1      | Reached skill level 2 in Fighting
   247 | D:1      | Found a faded altar of an unknown god.
   383 | D:1      | Reached XP level 2. HP: 20/29 MP: 3/3
   425 | D:1      | Reached skill level 3 in Fighting
  1068 | D:1      | Reached XP level 3. HP: 34/39 MP: 4/4
  1272 | D:1      | Found Kauntiy's Jewellery Boutique.
  1286 | D:1      | Reached skill level 4 in Fighting
  1539 | D:2      | Noticed Jessica
  2116 | D:2      | Reached skill level 5 in Fighting
  2116 | D:2      | Reached XP level 4. HP: 50/50 MP: 5/5
  2383 | D:2      | Killed Jessica
  2609 | D:3      | Found a bloodstained altar of Trog.
  2663 | D:3      | Reached skill level 6 in Fighting
  2663 | D:3      | Reached XP level 5. HP: 39/61 MP: 6/6
  3309 | D:3      | Reached skill level 7 in Fighting
  3312 | D:3      | Learned a level 2 spell: Slow
  3316 | D:3      | Learned a level 3 spell: Portal Projectile
  3548 | D:3      | Noticed Natasha
  3549 | D:3      | Killed Natasha
  3550 | D:3      | Reached skill level 1 in Maces & Flails
  3550 | D:3      | Reached XP level 6. HP: 71/71 MP: 7/7
  3587 | D:3      | Noticed Natasha
  3590 | D:3      | Killed Natasha
  3603 | D:3      | Noticed Natasha
  3612 | D:3      | Killed Natasha
  3724 | D:4      | Identified 2 scrolls of acquirement
  3724 | D:4      | Acquired the +7 Spriggan's Knife {stab, EV+4 Stlth+}
  3724 | D:4      | Found the +7 Spriggan's Knife {stab, EV+4 Stlth+}
  3727 | D:4      | Acquired 523 gold pieces
  3781 | D:4      | Reached skill level 1 in Short Blades
  3950 | D:4      | Found Caokhlyk's Lightly-Used Armoury.
  4480 | D:4      | Found a faded altar of an unknown god.
  4658 | D:4      | Found a faded altar of an unknown god.
  4658 | D:4      | Found a hazy altar of Hepliaklqana.
  4658 | D:4      | Found a faded altar of an unknown god.
  4679 | D:4      | Became a worshipper of Hepliaklqana the Forgotten
  4696 | D:5      | Entered Level 5 of the Dungeon
  4727 | D:5      | Noticed a vampire mosquito
  4727 | D:5      | Noticed a vampire mosquito
  4727 | D:5      | Noticed a vampire mosquito
  4728 | D:5      | Noticed a vampire mosquito
  4734 | D:5      | Killed a vampire mosquito
  4735 | D:5      | Reached XP level 7. HP: 25/78 MP: 8/8
  4741 | D:5      | Slain by a vampire mosquito

Illustrated notes

Levels and vault maps discovered:
D:1:      dpeg_arrival_subterranean_lakeside_camping, layout_loops_ring,
          shapermc_ecumenical_altar_ellora, serial_shops, shop
D:2:      layout_rooms, uniq_jessica
D:3:      layout_basic, bloody_trog, uniq_natasha
D:4:      cheibrodos_quashed, layout_loops_ring,
          nicolae_hepliaklqana_ecumenical_no_more, minmay_shop_damaged
D:5:      layout_loops_ring, fedhas_altar_2,
          mainiacjoe_overflow_concentric_impassable, uniq_sigmund

Skill      XL: |  1  2  3  4  5  6 |
---------------+-------------------+-----
Fighting       | 2 3 5 6 7 |  7.0
Maces & Flails | 1 |  1.8
Dodging        | 2 3 |  3.6
Short Blades   | 2 |  2.3
Throwing       | |  2.0
Spellcasting   | |  1.2
Hexes          | |  2.6

Action                   |  1- 3 |  4- 6 |  7- 9 || total
-------------------------+-------+-------+-------++-------
Melee: Short sword       |    96 |       |       ||    96
       Unarmed           |    15 |       |       ||    15
       Rapier            |    57 |    19 |       ||    76
       War axe           |       |    88 |       ||    88
       Flail             |       |    20 |       ||    20
       Knife             |       |     7 |       ||     7
Throw: Boomerang         |       |    20 |       ||    20
       Large rock        |       |    10 |     2 ||    12
       Throwing net      |       |     1 |     1 ||     2
       Stone             |       |       |     1 ||     1
  Use: Potion            |       |     3 |     2 ||     5
       Scroll            |       |     8 |     1 ||     9
 Stab: Sleeping          |     1 |     5 |       ||     6
Armor: Robe              |    54 |    66 |     1 ||   121
       Skin              |       |       |     5 ||     5
Dodge: Dodged            |    89 |    50 |     3 ||   142

Table legend: (Time is in decaauts)
 A = Elapsed time spent in this place.
 B = Non-inter-level travel time spent in this place.
 C = Inter-level travel time spent in this place.
 D = Time resting spent in this place.
 E = Time spent auto-exploring this place.
 F = Levels seen in this place.
 G = Mean time per level.
                   A        B        C        D        E       F      G
               +--------+--------+--------+--------+--------+-----+--------+
         Total |   4827 |   4727 |    100 |   1761 |   1966 |   5 |  965.4 |
       Dungeon |   4827 |   4727 |    100 |   1761 |   1966 |   5 |  965.4 |
               +--------+--------+--------+--------+--------+-----+--------+

Top non-repeatable levels by time:
     D:1: 1746 daAuts
     D:3: 1148 daAuts
     D:4: 1002 daAuts
     D:2: 888 daAuts
     D:5: 41 daAuts
